 Dungeon Crawl Stone Soup version 0.17.1-3-g152610e (webtiles) character file.

459274 Peloso the Hoplite (level 23, -1/215 HPs)
             Began as a Minotaur Fighter on Apr 24, 2016.
             Was a High Priest of Okawaru.
             Slain by a tentacled monstrosity (8 damage)
             ... on level 4 of the Vaults.
             The game lasted 04:39:48 (62014 turns).

Peloso the Hoplite (Minotaur Fighter)              Turns: 62014, Time: 04:39:53

Health: -1/215     AC: 37    Str: 26    XL:     23   Next: 4%
Magic:  25/25      EV: 14    Int:  8    God:    Okawaru [*****.]
Gold:   2323       SH: 12    Dex: 12    Spells: 0 memorised, 23 levels left

rFire  + + .     SeeInvis +     V - +9 double sword (slice)
rCold  + + .     Clarity  .     w - +8 chain mail of Irghoysch {rF++ Regen+ MP+9 Int+3}
rNeg   + + +     SustAt   .     I - +1 buckler {AC+3}
rPois  +         Gourm    .     c - +2 hat {MR+}
rElec  +         Spirit   .     r - +0 cloak of Wiotas {rN++ Regen+ Int-3}
rCorr  .         Warding  .     f - +0 pair of gloves
rMut   +         Stasis   .     E - +2 pair of boots {run}
MR     +++..                    U - amulet "Hoigim" {rMut rElec rPois rN+ MP-9}
Stlth  +.........               t - ring "Xuirphuji" {rC++ Int+3 Dex-3 SInv Stlth+}
                                s - ring of protection from magic

@: about to teleport, heroism, constricted, quick, extremely resistant to
hostile enchantments, very unstealthy
A: retaliatory headbutt, horns 2, talons 1
a: Heroism, Finesse, Renounce Religion
}: 3/15 runes: decaying, slimy, gossamer


You were on level 4 of the Vaults.
You worshipped Okawaru.
Okawaru was extremely pleased with you.
You were not hungry.

You visited 9 branches of the dungeon, and saw 50 of its levels.
You visited 2 bazaars.
You also visited: Labyrinth and Volcano.

You collected 5137 gold pieces.
You spent 2814 gold pieces at shops.

Inventory:

Hand Weapons
 a - the +4 falchion of an ice cave {slice, rElec rC+++ MR- Str+4}
   (Okawaru gifted it to you on level 14 of the Dungeon)

   It inflicts extra damage upon your enemies.
   It affects your strength (+4).
   It renders you almost immune to cold.
   It insulates you from electricity.
   It affects your resistance to hostile enchantments.
 B - a +4 scimitar of flaming
 V - a +9 double sword of slicing (weapon)
Armour
 c - a +2 hat of magic resistance (worn)
 f - a +0 pair of gloves (worn)
 r - the +0 cloak of Wiotas (worn) {rN++ Regen+ Int-3}
   (You acquired it in a bazaar)

   It affects your intelligence (-3).
   It greatly protects you from negative energy.
   It increases your rate of regeneration.
 w - the +8 chain mail of Irghoysch (worn) {rF++ Regen+ MP+9 Int+3}
   (You found it on level 3 of the Elven Halls)

   It affects your intelligence (+3).
   It greatly protects you from fire.
   It affects your magic capacity (+9).
   It increases your rate of regeneration.
 A - a +0 large shield of cold resistance
 E - a +2 pair of boots of running (worn)
 I - a +1 buckler of protection (worn)
Jewellery
 s - a ring of protection from magic (left hand)
 t - the ring "Xuirphuji" (right hand) {rC++ Int+3 Dex-3 SInv Stlth+}
   (You found it on level 2 of the Swamp)

   [ring of stealth]

   It affects your intelligence (+3).
   It affects your dexterity (-3).
   It greatly protects you from cold.
   It lets you see invisible.
   It makes you more stealthy.
 U - the amulet "Hoigim" (around neck) {rMut rElec rPois rN+ MP-9}
   (You bought it in a shop on level 4 of the Orcish Mines)

   [amulet of resist mutation]

   It protects you from mutation.
   It insulates you from electricity.
   It protects you from poison.
   It protects you from negative energy.
   It affects your magic capacity (-9).
Wands
 b - a wand of disintegration (5)
 o - a wand of disintegration (19)
 y - a wand of polymorph (15)
 T - a wand of teleportation (3)
Scrolls
 g - 5 scrolls of teleportation
 h - 5 scrolls of fear
 i - a scroll of enchant weapon
 j - 5 scrolls of magic mapping
 k - 3 scrolls of blinking
 l - 9 scrolls of remove curse
 u - 4 scrolls of recharging
 v - 17 scrolls of identify
 Y - 7 scrolls of fog
Potions
 d - 8 potions of might
 m - a potion of beneficial mutation
 p - 2 potions of heal wounds
 q - a potion of brilliance
 x - 4 potions of berserk rage
 D - 7 potions of flight
 H - 5 potions of haste
 N - 2 potions of resistance
 P - 2 potions of invisibility
 S - 10 potions of curing
Comestibles
 e - 29 bread rations
 n - a slice of pizza
 G - 14 meat rations
 R - 2 royal jellies


   Skills:
 + Level 20.1(25.1) Fighting
 + Level 24.0(27) Long Blades
   Level 1.3(6.3) Axes
 + Level 1.1(6.1) Throwing
 + Level 17.8(22.8) Armour
 + Level 11.4(16.4) Dodging
 + Level 2.2(7.2) Stealth
 + Level 25.4(27) Shields
 + Level 1.2(6.2) Unarmed Combat
 + Level 0.6 Spellcasting
 + Level 5.0 Invocations
 + Level 2.3 Evocations


You had 23 spell levels left.
You didn't know any spells.

Dungeon Overview and Level Annotations

Branches:
Dungeon (15/15)            Temple (1/1) D:7            Lair (8/8) D:9
  Swamp (4/4) Lair:5       Spider (4/4) Lair:3        Slime (6/6) Lair:8
    Orc (4/4) D:10            Elf (3/3) Orc:4        Vaults (5/5) D:13
  Crypt (0/3) Vaults:2     Depths (0/5) D:15

Altars:
Ashenzari
Cheibriados
Dithmenos
Elyvilon
Fedhas
Gozag
Kikubaaqudgha
Makhleb
Nemelex Xobeh
Okawaru
Qazlal
Ru
Sif Muna
Trog
Vehumet
Xom
Yredelemnul
Zin
The Shining One
Jiyva

Shops:
D:13 *:   D:14 :   Orc:3 !   Orc:4 %(?=   Vaults:1 ![   Vaults:4 *

Annotations:
Lair:4 exclusion: oklob plant


Innate Abilities, Weirdness & Mutations

You reflexively headbutt those who attack you in melee.
You have a pair of horns on your head.
You have sharp toenails.


Message History

* * * LOW HITPOINT WARNING * * *
The tentacled monstrosity closely misses you.
The tentacled monstrosity constricts you.
The titan waves its arms in wide circles.
The air twists around and strikes you!
Read which item? (? for menu, Esc to quit)
As you read the scroll of teleportation, it crumbles to dust.
You feel strangely unstable. The yaktaur closely misses you.
You block the tentacled monstrosity's attack.
The tentacled monstrosity barely misses you. x2
* * * LOW HITPOINT WARNING * * *
The tentacled monstrosity constricts you!
The titan hits you!
* * * LOW HITPOINT WARNING * * *
Your attempt to break free from the tentacled monstrosity fails, but you feel that another attempt might succeed.
The yaktaur hits you!
* * * LOW HITPOINT WARNING * * *
The tentacled monstrosity tentacle-slaps you but does no damage.
The tentacled monstrosity tentacle-slaps you!
You die...

..##.'..........#
#......'.....'.
..##.#..........#
#......########
##...####....####
#......# ##...#
##..## #.[....#
)....# #..#
#......# .....#
#..# #......#
###### ####
#####''#####
#......#
#C@(...####
#cX...(...#
#()...#'#.#
#.....'∩'.#
#.....#'###
#####...# #####


You could see a tentacled monstrosity, a titan and a yaktaur.

Vanquished Creatures
  the royal jelly (Slime:6)
  Norris (Elf:3)
  Saint Roka (Elf:2)
  Nikola (Swamp:2)
  A bone dragon (Swamp:4)
  Jorgrun (Elf:3)
  Rupert (Spider:1)
  2 liches
  3 deep elf blademasters
  A titan (Vaults:4)
  3 deep elf master archers (Elf:3)
  20 acid blobs
  2 sphinxes
  Frances (Spider:2)
  The ghost of SaintRoka the Bludgeoner, a journeyman OgWn of Okawaru (Orc:4)
  Kirke (Swamp:4)
  2 thorn hunters
  18 azure jellies
  2 tengu reavers
  Roxanne (Spider:2)
  13 vault wardens
  16 deep elf sorcerers
  An iron dragon (Vaults:5)
  An orc warlord (Orc:4)
  7 emperor scorpions
  2 ghost moths (Spider:4)
  A fire giant (Vaults:4)
  A ghoul (Swamp:1)
  2 war gargoyles (Vaults:4)
  10 ironheart preservers
  4 stone giants
  12 deep elf annihilators (Elf:3)
  Azrael (Orc:4)
  7 deep elf demonologists
  6 deep elf death magi
  The ghost of swiech the Brawler, a journeyman TrMo of Okawaru (D:15)
  11 death oozes (Slime:6)
  34 vault guards
  A minotaur (Lab)
  3 deep elf high priests (Elf:3)
  5 fire dragons
  5 great orbs of eyes
  5 yaktaur captains
  2 entropy weavers
  4 ice dragons
  A ghost crab (Swamp:3)
  7 centaur warriors
  6 hydras
  8 ogre magi
  2 death knights (Vaults:2)
  The ghost of CcS the Grappler, a journeyman VSTm of Cheibriados (Lair:3)
  An alligator snapping turtle (shapeshifter) (Vaults:4)
  A ghost crab (shapeshifter) (Elf:2)
  12 dancing weapons (Elf:2)
  A catoblepas (Lair:7)
  8 alligators
  3 orc high priests (Orc:4)
  3 death yaks (Lair:8)
  A tengu warrior (D:13)
  2 deep troll earth magi
  3 fire crabs
  Sonja (Lair:3)
  A skeletal warrior (D:12)
  A giant orange brain (Vaults:1)
  A shadow wraith (Vaults:4)
  29 deep elf knights
  3 flayed ghosts
  5 unseen horrors
  A sea snake (shapeshifter) (Vaults:4)
  8 deep elf summoners
  4 phantasmal warriors
  15 orc knights
  3 swamp dragons
  9 deep trolls
  3 shambling mangroves
  12 ironbrand convokers
  Pikel (D:6)
  A spectral hydra (Swamp:4)
  6 orc sorcerers
  4 necromancers (Elf:1)
  8 hill giants
  A harpy (Vaults:1)
  4 wizards
  16 orb spiders
  13 ugly things
  13 hornets
  18 deep elf conjurers
  6 shining eyes
  4 griffons
  4 manticores
  7 cyclopes
  3 moths of wrath
  2 hornets (shapeshifter)
  The ghost of GFox the Ruffian, a novice TrMo (D:4)
  27 wolf spiders
  44 orc warriors
  Maurice (D:9)
  11 elephants
  2 eyes of devastation
  An eye of devastation (shapeshifter) (Vaults:3)
  14 vault sentinels
  A molten gargoyle (Volcano)
  A guardian serpent (shapeshifter) (Elf:3)
  17 spiny frogs
  7 black mambas
  4 gargoyles
  An efreet (D:13)
  4 swamp worm zombies (Swamp:4)
  14 yaktaurs
  6 komodo dragons
  12 demonic crawlers
  2 fire drakes (shapeshifter)
  3 kobold demonologists
  A hydra zombie (Swamp:4)
  23 jumping spiders
  6 freezing wraiths
  2 spriggan druids
  4 fire drakes
  16 deep elf priests
  A troll (shapeshifter) (Vaults:3)
  A tengu conjurer (D:13)
  13 polar bears (Lair:8)
  A queen bee (Spider:2)
  A small abomination (Vaults:1)
  100 slime creatures
  A wind drake (shapeshifter) (Vaults:4)
  15 blink frogs
  9 boulder beetles
  9 trolls
  Grinder (D:6)
  A polar bear (shapeshifter) (Vaults:1)
  6 giant leeches
  17 two-headed ogres
  4 spectral swamp dragons (Swamp:4)
  4 alligator zombies (Swamp:4)
  25 bog bodies
  A trapdoor spider zombie (D:12)
  A sphinx simulacrum (Vaults:4)
  45 redbacks
  44 yaks
  13 trapdoor spiders
  4 shadows
  12 wyverns
  A centaur simulacrum (D:14)
  11 spriggans
  A spriggan (shapeshifter) (Vaults:1)
  42 deep elf magi
  A vampire (D:14)
  16 humans
  A wraith (Vaults:2)
  28 tarantellas
  5 hungry ghosts
  24 wolves
  17 hippogriffs
  2 large abominations (Elf:1)
  31 deep elf fighters
  4 wargs
  7 fire elementals
  A hog (Swamp:4)
  12 basilisks
  29 vampire mosquitoes
  4 mottled dragons
  5 golden eyes (Slime:3)
  20 swamp worms
  27 insubstantial wisps
  11 porcupines
  A yaktaur simulacrum (Vaults:3)
  3 hell hounds (Orc:4)
  Duvessa (D:5)
  8 swamp drakes
  4 black bears
  14 wasps
  4 sky beasts
  12 water moccasins
  5 ice beasts
  25 spiders
  5 swamp dragon zombies (Swamp:4)
  6 eyes of draining
  7 phantoms
  5 necrophages
  17 centaurs
  40 ogres
  3 boggarts (Vaults:2)
  11 crocodiles
  An elf zombie (Elf:1)
  21 giant frogs
  2 big kobolds
  14 killer bees
  Dowan (D:5)
  A water moccasin skeleton (D:8)
  6 scorpions
  4 electric eels
  9 crimson imps
  A lava snake (Orc:2)
  7 centaur zombies
  2 giant frog zombies
  12 wights
  8 hounds
  2 quasits
  4 centaur skeletons
  Crazy Yiuf (D:2)
  10 iguanas
  33 orc priests
  Ijyb (D:2)
  A giant frog skeleton (D:8)
  30 orc wizards
  33 jellies
  2 spectral swamp drakes (Swamp:4)
  12 worker ants
  17 sheep
  A hound zombie (D:9)
  2 hound skeletons
  A worker ant zombie (D:8)
  7 gnolls
  A swamp drake zombie (Swamp:4)
  12 adders
  60 river rats
  A white imp (Vaults:4)
  4 shadow imps
  An ufetubus (Vaults:4)
  6 oozes
  6 worms
  187 orcs
  4 ball pythons
  10 bats
  3 giant cockroaches
  10 goblins
  2 hobgoblins
  3 jackals
  13 kobolds
  4 quokkas
  9 giant geckos
  5 giant newts
  2 quokka skeletons
  6 rats
  4 briar patches
  A fungus (Lair:6)
  A plant (Lair:8)
2112 creatures vanquished.

Vanquished Creatures (others)
  A tengu reaver (Vaults:4)
  A ghost moth (Spider:3)
  A spriggan (Lair:8)
  A deep elf knight (Elf:2)
  A swamp dragon (Swamp:2)
  An orc knight (Orc:4)
  An orc sorcerer (Orc:4)
  A wizard (D:5)
  A vault sentinel (Vaults:2)
  A spiny frog (Swamp:2)
  A giant leech (Swamp:1)
  2 slime creatures
  A redback (Spider:3)
  A deep elf fighter (Elf:2)
  2 humans (Swamp:4)
  A wolf (Lair:8)
  3 slaves (D:6)
  A wasp (Lair:8)
  A swamp dragon zombie (Swamp:4)
  An ogre (Vaults:4)
  A swamp drake (Swamp:1)
  A phantom (Swamp:4)
  A jelly (D:6)
  2 orc wizards (Orc:4)
  An orc (D:6)
  25 fungi
  9 plants
64 creatures vanquished.

Grand Total: 2176 creatures vanquished

Notes
Turn   | Place    | Note
--------------------------------------------------------------
     0 | D:1      | Peloso the Minotaur Fighter began the quest for the Orb.
     0 | D:1      | Reached XP level 1. HP: 19/19 MP: 0/0
   299 | D:1      | Reached XP level 2. HP: 24/27 MP: 1/1
   357 | D:1      | Reached skill level 4 in Armour
   681 | D:2      | Found a stormy altar of Qazlal.
   789 | D:2      | Noticed Ijyb
   794 | D:2      | Killed Ijyb
   794 | D:2      | Reached XP level 3. HP: 33/33 MP: 2/2
   865 | D:2      | Reached XP level 4. HP: 25/40 MP: 3/3
  1158 | D:2      | Noticed Crazy Yiuf
  1162 | D:2      | Killed Crazy Yiuf
  1280 | D:3      | Found a faded altar to an unknown god.
  1357 | D:3      | Reached skill level 5 in Armour
  1359 | D:3      | Found a radiant altar of Vehumet.
  1516 | D:3      | Found a shattered altar of Ashenzari.
  1652 | D:3      | Reached XP level 5. HP: 47/47 MP: 4/4
  1800 | D:3      | Found a shadowy altar of Dithmenos.
  2070 | D:4      | Noticed GFox's ghost (novice TrMo)
  2107 | D:4      | Killed GFox's ghost
  2107 | D:4      | Reached skill level 5 in Fighting
  2107 | D:4      | Reached skill level 1 in Dodging
  2107 | D:4      | Reached skill level 5 in Shields
  2107 | D:4      | Reached XP level 6. HP: 9/57 MP: 5/5
  2394 | D:4      | Reached XP level 7. HP: 58/62 MP: 6/6
  2450 | D:4      | Noticed an ogre
  2457 | D:4      | Killed an ogre
  2457 | D:4      | Reached skill level 5 in Long Blades
  2530 | D:4      | Reached skill level 6 in Fighting
  3217 | D:5      | Entered Level 5 of the Dungeon
  3254 | D:5      | Found a sacrificial altar of Ru.
  3303 | D:5      | Noticed Dowan
  3310 | D:5      | Killed Dowan
  3316 | D:5      | Noticed Duvessa
  3338 | D:5      | Killed Duvessa
  3424 | D:5      | Reached XP level 8. HP: 49/71 MP: 7/7
  3474 | D:5      | Found a bloodstained altar of Trog.
  3475 | D:5      | Noticed a wizard
  3480 | D:5      | Killed a wizard
  3618 | D:5      | Found a deep blue altar of Sif Muna.
  3813 | D:6      | Noticed Grinder
  3814 | D:6      | Paralysed by Grinder for 2 turns
  3822 | D:6      | Paralysed by Grinder for 4 turns
  3831 | D:6      | Killed Grinder
  3831 | D:6      | Reached skill level 7 in Fighting
  3911 | D:6      | Noticed Pikel
  3927 | D:6      | Paralysed by Pikel for 2 turns
  3932 | D:6      | Paralysed by Pikel for 3 turns
  3938 | D:6      | Killed Pikel
  3938 | D:6      | Reached skill level 1 in Evocations
  3967 | D:6      | Reached XP level 9. HP: 7/79 MP: 8/8
  4392 | D:6      | Reached skill level 8 in Shields
  4802 | D:6      | Found a blossoming altar of Fedhas.
  5541 | D:7      | Found a basalt altar of Yredelemnul.
  5673 | D:7      | Found a staircase to the Ecumenical Temple.
  5766 | Temple   | Entered the Ecumenical Temple
  6088 | D:7      | Found a white marble altar of Elyvilon.
  6115 | D:7      | Reached skill level 1 in Stealth
  6185 | D:7      | Found an iron altar of Okawaru.
  6192 | D:7      | Became a worshipper of Warmaster Okawaru
  6196 | D:7      | Reached skill level 9 in Shields
  6651 | D:8      | Reached skill level 5 in Dodging
  6765 | D:8      | Reached * piety under Okawaru
  6774 | D:8      | Reached XP level 10. HP: 82/90 MP: 9/9
  7286 | D:8      | Reached skill level 10 in Shields
  7309 | D:8      | Found an ancient bone altar of Kikubaaqudgha.
  7316 | D:8      | Found a glowing silver altar of Zin.
  7414 | D:8      | Reached ** piety under Okawaru
  8091 | D:9      | Found a staircase to the Lair.
  8124 | D:9      | Noticed a purple ugly thing
  8141 | D:9      | Killed a purple ugly thing
  8141 | D:9      | Reached *** piety under Okawaru
  8371 | D:9      | Noticed Maurice
  8382 | D:9      | Killed Maurice
  8382 | D:9      | Reached skill level 1 in Invocations
  8640 | D:9      | Reached XP level 11. HP: 94/97 MP: 11/11
  8644 | D:9      | Reached **** piety under Okawaru
  8724 | D:10     | Entered Level 10 of the Dungeon
  8846 | D:10     | Found a staircase to the Orcish Mines.
  8898 | D:10     | Killed an unseen horror
  8898 | D:10     | Reached skill level 10 in Long Blades
  8898 | D:10     | Reached skill level 11 in Shields
  9398 | D:10     | Reached skill level 10 in Armour
  9540 | D:10     | Noticed a hill giant
  9547 | D:10     | Killed a hill giant
  9547 | D:10     | Reached skill level 10 in Fighting
  9776 | D:11     | Killed an unseen horror
 10294 | D:11     | Reached ***** piety under Okawaru
 10740 | D:12     | Noticed a hill giant
 10749 | D:12     | Killed a hill giant
 10864 | D:12     | Received a gift from Okawaru
 10867 | D:12     | Got a fine broad axe {god gift}
 10868 | D:12     | Identified the +1 broad axe "Geizua Gagru" {flame, Str+4} (Okawaru gifted it to you on level 12 of the Dungeon)
 10878 | D:12     | Reached skill level 12 in Shields
 11612 | D:12     | Noticed a centaur warrior
 11631 | D:12     | Killed a centaur warrior
 11631 | D:12     | Reached XP level 12. HP: 74/108 MP: 12/12
 11852 | Lair:1   | Entered Level 1 of the Lair of Beasts
 11950 | Lair:1   | Noticed a seven-headed hydra
 11963 | Lair:1   | Killed a two-headed hydra
 12601 | Lair:1   | Reached skill level 13 in Shields
 13089 | Lair:2   | Found a labyrinth entrance.
 13108 | Lab      | Entered a labyrinth
 13828 | Lab      | Noticed a minotaur
 13837 | Lab      | Killed a minotaur
 13850 | Lab      | Identified the Papyrus of Enhancements
 13850 | Lab      | Identified the Handbook of Orientation
 13864 | Lab      | Got an ancient ring mail
 13877 | Lab      | Identified the +3 ring mail of Distant Shores {rC+ Regen+ Int-2 Dex+3} (You found it in a labyrinth)
 14646 | Lair:2   | Received a gift from Okawaru
 14665 | Lair:2   | Got a pair of shimmering boots {god gift}
 14753 | Lair:1   | Identified the +3 pair of boots "Xecwylam" {rElec MP+9 Str-4 Dex-2} (Okawaru gifted it to you on level 2 of the Lair of Beasts)
 15181 | Lair:3   | Noticed Sonja
 15185 | Lair:3   | Killed Sonja
 15623 | Lair:3   | Noticed a five-headed hydra
 15634 | Lair:3   | Killed a one-headed hydra
 15634 | Lair:3   | Reached XP level 13. HP: 62/117 MP: 13/13
 15648 | Lair:3   | Reached skill level 1 in Axes
 15748 | Lair:3   | Noticed CcS's ghost (journeyman VSTm)
 15766 | Lair:3   | Killed CcS's ghost
 16341 | Lair:3   | Found a hole to the Spider Nest.
 16369 | Lair:3   | Reached skill level 14 in Shields
 17641 | Lair:5   | Received a gift from Okawaru
 18116 | Lair:5   | Found a staircase to the Swamp.
 19760 | Lair:7   | Reached skill level 15 in Shields
 20046 | Lair:7   | Reached ****** piety under Okawaru
 20046 | Lair:7   | Received a gift from Okawaru
 20440 | Lair:7   | Reached XP level 14. HP: 118/127 MP: 14/14
 21204 | Orc:1    | Entered Level 1 of the Orcish Mines
 21653 | Orc:2    | Received a gift from Okawaru
 21658 | Orc:2    | Got a pair of spiked boots {god gift}
 21694 | Orc:2    | Identified the +2 pair of boots of Pablumm {*Corrode rF+ rN+} (Okawaru gifted it to you on level 2 of the Orcish Mines)
 22131 | Orc:4    | Entered Level 4 of the Orcish Mines
 22135 | Orc:4    | Noticed SaintRoka's ghost (journeyman OgWn)
 22165 | Orc:4    | Killed SaintRoka's ghost
 22403 | Orc:4    | Found a staircase to the Elven Halls.
 22567 | Orc:4    | Noticed Azrael
 22590 | Orc:4    | Killed Azrael
 22720 | Orc:4    | Found Cixyim's Jewellery Shoppe.
 23152 | Orc:3    | Found Ynoeten's Distillery.
 24433 | Orc:4    | Found a gateway to a bazaar.
 24444 | Bazaar   | Entered a bazaar
 24444 | Bazaar   | Found Amumyg's Weapon Shoppe.
 24444 | Bazaar   | Found Heqov's Antique Armour Shoppe.
 24444 | Bazaar   | Found Yryllimu's Antique Armour Emporium.
 24444 | Bazaar   | Found Arhoomm's Antique Weapon Emporium.
 24444 | Bazaar   | Found Jeoz Piyfy's Food Shoppe.
 24454 | Bazaar   | Bought a smoking plate armour for 728 gold pieces
 24454 | Bazaar   | Bought a pair of ancient boots for 247 gold pieces
 24474 | Bazaar   | Identified the +2 pair of boots of Rotation {MP+9} (You bought it in a shop in a bazaar)
 24484 | Bazaar   | Identified the +6 plate armour "Ovuhoel" {MP+9 Str+3 Dex+3} (You bought it in a shop in a bazaar)
 24493 | Bazaar   | Bought a pair of encrusted boots for 247 gold pieces
 24504 | Bazaar   | Identified the +2 pair of boots of Reason {Regen+ MP+9 Int-5 Stlth+} (You bought it in a shop in a bazaar)
 24504 | Bazaar   | Lost intelligence.
 24620 | Orc:4    | Reached skill level 16 in Shields
 24901 | Orc:4    | Found Ocyxoliyty's Antique Weapon Boutique.
 24907 | Orc:4    | Found Kaclogi's Food Boutique.
 24909 | Orc:4    | Found Vauxkan's Magic Scroll Shoppe.
 25002 | Orc:4    | Paralysed by an orc sorcerer for 7 turns
 25103 | Orc:4    | Bought the amulet "Hoigim" {rMut rElec rPois rN+ MP-9} for 811 gold pieces
 25155 | Orc:4    | Noticed an orc warlord
 25195 | Orc:4    | Killed an orc warlord
 25202 | Orc:4    | Received a gift from Okawaru
 25759 | Orc:1    | Found a deep blue altar of Sif Muna.
 25800 | Orc:1    | Identified Sif Muna's Handbook of Darkness
 26370 | Lair:8   | Entered Level 8 of the Lair of Beasts
 26436 | Lair:8   | Found a staircase to the Slime Pits.
 26484 | Lair:8   | Found a dark tunnel.
 26491 | Volcano  | Entered a volcano
 26882 | Lair:8   | Received a gift from Okawaru
 27100 | Lair:8   | Reached skill level 15 in Long Blades
 27761 | Lair:8   | Reached XP level 15. HP: 137/137 MP: 16/16
 27814 | Lair:8   | Received a gift from Okawaru
 27974 | Lair:8   | Reached skill level 17 in Shields
 28526 | D:13     | Found a gate to the Vaults.
 28893 | D:13     | Found Wopyrr's General Store.
 28900 | D:13     | Bought a scroll of identify for 36 gold pieces
 29178 | D:13     | Found Jumn's Book Boutique.
 30137 | D:14     | Received a gift from Okawaru
 30152 | D:14     | Got a smoking falchion {god gift}
 30156 | D:14     | Identified the +4 falchion of an ice cave {slice, rElec rC+++ MR- Str+4} (Okawaru gifted it to you on level 14 of the Dungeon)
 30315 | D:14     | Paralysed by a wizard for 3 turns
 30560 | D:14     | Reached skill level 18 in Shields
 30695 | D:14     | Identified Lehudib's Volume of the Rocks and Battle Magic
 30697 | D:14     | Identified the Almanac of the Fetching Birds
 30866 | D:14     | Found Yxaug's Book Emporium.
 30948 | D:14     | Reached skill level 15 in Armour
 31069 | D:15     | Entered Level 15 of the Dungeon
 31462 | D:15     | Noticed swiech's ghost (journeyman TrMo)
 31477 | D:15     | Killed swiech's ghost
 31576 | D:15     | Found a staircase to the Depths.
 32314 | Spider:1 | Entered Level 1 of the Spider Nest
 32494 | Spider:1 | Received a gift from Okawaru
 32494 | Spider:1 | Reached XP level 16. HP: 120/147 MP: 17/17
 32569 | Spider:1 | Noticed Rupert
 32569 | Spider:1 | Paralysed by Rupert for 5 turns
 32589 | Spider:1 | Killed Rupert
 33544 | Spider:2 | Noticed Frances
 33561 | Spider:2 | Killed Frances
 33561 | Spider:2 | Reached skill level 15 in Fighting
 33673 | Spider:2 | Noticed Roxanne
 33719 | Spider:2 | Killed Roxanne
 33744 | Spider:2 | Got a warped large shield
 33755 | Spider:2 | Identified the +3 large shield of Duoj {rElec rC+} (You found it on level 2 of the Spider Nest)
 34602 | Spider:3 | Reached skill level 19 in Shields
 34624 | Spider:3 | Got an ichor-stained scale mail
 35026 | Spider:3 | Received a gift from Okawaru
 35884 | Spider:3 | Identified the +0 scale mail of Valour {rF++} (You found it on level 3 of the Spider Nest)
 36002 | Spider:4 | Entered Level 4 of the Spider Nest
 36204 | Spider:4 | Received a gift from Okawaru
 36654 | Spider:4 | Reached XP level 17. HP: 154/156 MP: 18/18
 36663 | Spider:4 | Reached skill level 20 in Shields
 37406 | Spider:4 | Got a gossamer rune of Zot
 37455 | Spider:4 | Received a gift from Okawaru
 38525 | Swamp:1  | Entered Level 1 of the Swamp
 39575 | Swamp:2  | Got a fine brass ring
 39620 | Swamp:2  | Identified the ring "Xuirphuji" {rC++ Int+3 Dex-3 SInv Stlth+} (You found it on level 2 of the Swamp)
 40178 | Swamp:2  | Noticed Nikola
 40187 | Swamp:2  | Received a gift from Okawaru
 40206 | Swamp:2  | Got a smoking plate armour {god gift}
 40217 | Swamp:2  | Killed Nikola
 40364 | Swamp:2  | Identified the +6 plate armour of Honesty {+Fly rF+ Dex+3} (Okawaru gifted it to you on level 2 of the Swamp)
 40469 | Swamp:2  | Identified 3 scrolls of acquirement
 40472 | Swamp:2  | Got a pair of ichor-stained boots
 40483 | Swamp:2  | Identified the +2 pair of boots "Aroibb" {rF- rCorr Dex+3} (You acquired it on level 2 of the Swamp)
 40502 | Swamp:2  | Identified a +2 pair of boots of running (You acquired it on level 2 of the Swamp)
 41251 | Swamp:3  | Gained mutation: You have sharp toenails. [potion of beneficial mutation]
 41291 | Swamp:3  | Reached skill level 21 in Shields
 41802 | Swamp:4  | Entered Level 4 of the Swamp
 42099 | Swamp:4  | Noticed a bone dragon
 42442 | Swamp:4  | Killed a bone dragon
 42442 | Swamp:4  | Received a gift from Okawaru
 42702 | Swamp:4  | Reached XP level 18. HP: 152/166 MP: 10/19
 42727 | Swamp:4  | Reached skill level 1 in Throwing
 42727 | Swamp:4  | Reached skill level 1 in Unarmed Combat
 42727 | Swamp:4  | Reached XP level 19. HP: 166/172 MP: 10/21
 42833 | Swamp:4  | Noticed Kirke
 42843 | Swamp:4  | Killed Kirke
 43306 | Swamp:4  | Got an ichor-stained long sword
 43307 | Swamp:4  | Identified the cursed +2 long sword "Jaeva" {elec, *Noise +Blink Str+4 Int+4} (You found it on level 4 of the Swamp)
 43732 | Swamp:4  | Got a decaying rune of Zot
 44519 | Vaults:1 | Entered Level 1 of the Vaults
 44552 | Vaults:1 | Found Coniu's Distillery.
 45347 | Vaults:1 | Found Osune's Armour Shop.
 45406 | Vaults:1 | Reached skill level 22 in Shields
 45487 | Vaults:1 | Received a gift from Okawaru
 45986 | Vaults:1 | Paralysed by a great orb of eyes for 5 turns
 47978 | Vaults:2 | Reached XP level 20. HP: 168/184 MP: 22/22
 48254 | Vaults:2 | Found a staircase to the Crypt.
 48371 | Vaults:2 | Received a gift from Okawaru
 48378 | Vaults:2 | Got a bloodstained chain mail {god gift}
 48417 | Vaults:2 | Identified the +0 chain mail of the Kangaroo {rElec rPois MR++ Slay-2} (Okawaru gifted it to you on level 2 of the Vaults)
 48930 | Elf:1    | Entered Level 1 of the Elven Halls
 49177 | Elf:1    | Identified the Handbook of Darkness
 49373 | Elf:1    | Reached skill level 23 in Shields
 49412 | Elf:1    | Found a deep blue altar of Sif Muna.
 50993 | Elf:2    | Found a huge runed gate.
 50993 | Elf:2    | Found a huge runed gate.
 50993 | Elf:2    | Found a huge runed gate.
 51003 | Elf:2    | Found a huge runed gate.
 51003 | Elf:2    | Found a huge runed gate.
 51279 | Elf:2    | Noticed Saint Roka
 51332 | Elf:2    | Killed Saint Roka
 52516 | Elf:3    | Entered Level 3 of the Elven Halls
 52551 | Elf:3    | Found a flickering gateway to a bazaar.
 52561 | Bazaar   | Entered a bazaar
 52561 | Bazaar   | Found Laikhlin's Distillery.
 52568 | Bazaar   | Bought a potion of haste for 90 gold pieces
 52572 | Bazaar   | Found Ocruminu's Magic Scroll Emporium.
 52580 | Bazaar   | Found Zygum's General Store.
 52593 | Bazaar   | Found Ikyr's Book Shoppe.
 52617 | Bazaar   | Bought a scroll of acquirement for 520 gold pieces
 52622 | Bazaar   | Got a shimmering cloak
 52633 | Bazaar   | Identified the +0 cloak of Wiotas {rN++ Regen+ Int-3} (You acquired it in a bazaar)
 52640 | Bazaar   | Bought a potion of heal wounds for 45 gold pieces
 52640 | Bazaar   | Bought a potion of haste for 90 gold pieces
 52831 | Elf:3    | Received a gift from Okawaru
 52928 | Elf:3    | Noticed Norris
 53553 | Elf:3    | Reached XP level 21. HP: 155/194 MP: 11/23
 53824 | Elf:3    | Killed Norris
 53838 | Elf:3    | Reached skill level 24 in Shields
 54276 | Elf:3    | Reached skill level 10 in Dodging
 54283 | Elf:3    | Got a shimmering crystal plate armour
 54294 | Elf:3    | Identified the cursed +0 crystal plate armour "Piasiek" {Int+3} (You found it on level 3 of the Elven Halls)
 54302 | Elf:3    | Got a dazzling chain mail
 54308 | Elf:3    | Identified the +8 chain mail of Irghoysch {rF++ Regen+ MP+9 Int+3} (You found it on level 3 of the Elven Halls)
 54466 | Elf:3    | Got an ancient flail {holy}
 54466 | Elf:3    | Got a dazzling battleaxe {holy}
 54482 | Elf:3    | Identified the +3 flail "Fadeg" {holy, rC+ Str+4 Dex-5} (You took it off a deep elf demonologist on level 3 of the Elven Halls)
 54609 | Elf:3    | Noticed Jorgrun
 54624 | Elf:3    | Killed Jorgrun
 54624 | Elf:3    | Received a gift from Okawaru
 55514 | Slime:1  | Entered Level 1 of the Pits of Slime
 56239 | Slime:3  | Received a gift from Okawaru
 57104 | Slime:6  | Entered Level 6 of the Pits of Slime
 57205 | Slime:6  | Received a gift from Okawaru
 57302 | Slime:6  | Reached XP level 22. HP: 176/205 MP: 20/24
 57438 | Slime:6  | Found a viscous altar of Jiyva.
 57443 | Slime:6  | Noticed the royal jelly
 57612 | Slime:6  | Killed the royal jelly
 58026 | Slime:6  | Reached skill level 25 in Shields
 58149 | Slime:6  | Got a slimy rune of Zot
 60298 | Vaults:4 | Received a gift from Okawaru
 60647 | Vaults:4 | Found Quraqomasa's Assorted Antiques.
 61097 | Vaults:5 | Entered Level 5 of the Vaults
 61753 | Vaults:4 | Reached XP level 23. HP: 29/213 MP: 25/25
 61996 | Vaults:4 | Reached skill level 5 in Invocations
 62014 | Vaults:4 | HP: 7/215 [yaktaur (10)]
 62014 | Vaults:4 | Slain by a tentacled monstrosity

Action                   |  1- 3 |  4- 6 |  7- 9 | 10-12 | 13-15 | 16-18 | 19-21 | 22-24 || total
-------------------------+-------+-------+-------+-------+-------+-------+-------+-------++-------
Melee: Long sword        |    50 |   124 |   388 |    36 |       |       |       |       ||   598
       Falchion          |       |       |       |   130 |       |       |       |       ||   130
       Scimitar          |       |       |       |   721 |  2111 |  1228 |       |       ||  4060
       Broad axe         |       |       |       |    13 |     6 |       |       |       ||    19
       Double sword      |       |       |       |       |       |   352 |  2189 |   724 ||  3265
Invok: Heroism           |       |       |       |    14 |    12 |    12 |    12 |    10 ||    60
       Finesse           |       |       |       |       |       |       |     1 |     3 ||     4
Evoke: Wand              |       |       |     3 |     9 |     2 |       |     9 |     4 ||    27
  Use: Potion            |       |     1 |       |     1 |     3 |     5 |     4 |     1 ||    15
       Scroll            |       |       |       |    27 |    13 |    11 |    16 |     6 ||    73
  Eat: Chunk             |       |     5 |    16 |    30 |    35 |    12 |    33 |    10 ||   141
       Beef jerky        |       |       |     1 |     3 |     1 |     3 |       |       ||     8
       Meat ration       |       |       |       |       |     4 |       |       |       ||     4
       Fruit             |       |       |       |       |       |    14 |     1 |       ||    15
       Royal jelly       |       |       |       |       |       |     2 |     7 |     3 ||    12
       Pizza             |       |       |       |       |       |     2 |       |       ||     2
